 Dungeon Crawl Stone Soup version 0.22.0-6-g71bd7aa6b3 (webtiles) character file.

94 RedPan the Ogre Mage (level 4, -1/58 HPs)
             Began as an Ogre Wizard on Aug 15, 2018.
             Killed from afar by an orc wizard (9 damage)
             ... with a magic dart
             ... on level 4 of the Dungeon.
             The game lasted 00:08:40 (3130 turns).

RedPan the Ogre Mage (Ogre Wizard)                  Turns: 3130, Time: 00:08:40

Health: -1/58      AC:  4    Str: 16    XL:     4   Next: 63%
Magic:  1/10       EV: 15    Int: 20    God:
Gold:   142        SH:  0    Dex: 12    Spells: 3/11 levels left

rFire    . . .     SeeInvis .   j - +1 dagger
rCold    + . .     Gourm    .   (no shield)
rNeg     . . .     Faith    .   a - +0 robe
rPois    .         Spirit   .   b - +1 hat
rElec    .         Reflect  .   (no cloak)
rCorr    .         Harm     .   (gloves unavailable)
MR       .....                  (boots unavailable)
Stlth    ..........             (no amulet)
HPRegen  0.19/turn              k - ring of protection from cold
MPRegen  0.12/turn              (no ring)

@: agile, berserking, very slightly contaminated, very quick
A: large, unfitting armour, tough skin 1
a: no special abilities


You were on level 4 of the Dungeon.
You were not hungry.

You visited 1 branch of the dungeon, and saw 4 of its levels.

You collected 142 gold pieces.

Inventory:

Hand Weapons
 g - a +0 hand axe
 j - a +1 dagger (weapon)
Armour
 a - a +0 robe (worn)
 b - a +1 hat (worn)
Jewellery
 k - a ring of protection from cold (left hand)
Wands
 l - a wand of polymorph (13)
Scrolls
 h - a scroll of fear
 m - a scroll of remove curse
 n - a scroll of magic mapping
Potions
 c - a potion of resistance {unknown}
 e - 2 potions of agility
 o - 2 potions of berserk rage
 q - a potion of lignification {unknown}
Comestibles
 d - 8 rations
 f - 2 chunks of flesh


   Skills:
 - Level 1.7 Dodging
 - Level 1.4 Stealth
 + Level 4.3 Spellcasting
 + Level 2.4 Conjurations
 + Level 1.3 Summonings
 + Level 1.3 Translocations
 + Level 0.8 Air Magic
 + Level 0.6 Poison Magic


You had 3 spell levels left.
You knew the following spells:

 Your Spells              Type           Power        Failure   Level  Hunger
a - Magic Dart            Conj           ##..         4%          1    None
b - Blink                 Tloc           N/A          11%         2    #......
c - Call Imp              Summ           #.......     11%         2    #......
d - Mephitic Cloud        Conj/Pois/Air  #.......     22%         3    ###....

Your spell library contained the following spells:

 Spells                   Type           Power        Failure   Level  Hunger
 Conjure Flame            Conj/Fire      #.......     22%         3    ###....
 Slow                     Hex            #.......     19%         2    #......


Dungeon Overview and Level Annotations

Branches:
Dungeon (4/15)
 Temple: D:4-7

Altars:
Dithmenos


Innate Abilities, Weirdness & Mutations

You are too large for most types of armour.
You have tough skin. (AC +1)


Message History

You hear some strange, mumbled words.
A magic dart appears from out of thin air!
The magic dart hits you!
* * * LOW HITPOINT WARNING * * *
You miss something.
You hear some strange, mumbled words.
A puff of frost appears from out of thin air!
The puff of frost hits you! You resist.
* * * LOW HITPOINT WARNING * * *
You feel better. Something barely misses you.
A red film seems to cover your vision as you go berserk!
You feel yourself moving faster!
You feel mighty!
You hear some strange, mumbled words.
A magic dart appears from out of thin air!
The magic dart hits you!
* * * LOW HITPOINT WARNING * * *
You hear some strange, mumbled words.
A magic dart appears from out of thin air!
The magic dart hits you!
You die...

P♣♣♣###..##...##..##
♣♣♣..##...#...#.###
......'...#...##..##
......#...#....###.#
♣##..##.......##..##
P♣#..####.....#.###
#
P....#....######..##
.. .♣...#....# ###.#
... .....#....#
##@[## ....
######....# #{###
..... # ....##.
##..#...... .... .
#..o......
#..../....
#.........
#.........
########.. .


There were no monsters in sight!

Vanquished Creatures
  2 adders (D:3)
  An ooze (D:1)
  2 dart slugs
  4 leopard geckos
  4 orcs
  5 giant cockroaches
  3 goblins
  3 hobgoblins
  4 jackals
  2 quokkas (D:2)
  10 bats
  3 frilled lizards
  A jackal zombie (D:3)
  5 kobolds
  5 rats
54 creatures vanquished.

Vanquished Creatures (collateral kills)
  3 worms (D:2)
3 creatures vanquished.

Grand Total: 57 creatures vanquished

Notes
Turn   | Place    | Note
-------+----------+-------------------------------------------
     0 | D:1      | RedPan the Ogre Wizard began the quest for the Orb.
     0 | D:1      | Reached XP level 1. HP: 16/16 MP: 5/5
    81 | D:1      | Reached skill level 1 in Conjurations
   311 | D:1      | Reached XP level 2. HP: 24/24 MP: 0/6
   576 | D:1      | Learned a level 2 spell: Blink
   579 | D:1      | Learned a level 2 spell: Call Imp
   628 | D:1      | Reached skill level 4 in Spellcasting
   669 | D:1      | Reached XP level 3. HP: 20/31 MP: 8/8
   813 | D:1      | Learned a level 3 spell: Mephitic Cloud
  1010 | D:1      | Reached skill level 1 in Translocations
  1293 | D:2      | Reached skill level 1 in Summonings
  2057 | D:2      | Reached XP level 4. HP: 39/39 MP: 6/10
  2182 | D:3      | Found a shadowy altar of Dithmenos.
  3130 | D:4      | Killed from afar by an orc wizard

Skill      XL: |  1  2  3 |
---------------+----------+-----
Conjurations   | 1 2 |  2.4
Spellcasting   | 4 |  4.3
Translocations | 1 |  1.3
Summonings     | 1 |  1.3
Dodging        | |  1.7
Stealth        | |  1.4
Air Magic      | |  0.8
Poison Magic   | |  0.6

Action                   |  1- 3 |  4- 6 || total
-------------------------+-------+-------++-------
Melee: Unarmed           |     1 |       ||     1
       Hand axe          |    16 |       ||    16
       Dagger            |     4 |     6 ||    10
       Quarterstaff      |     4 |       ||     4
 Cast: Magic Dart        |    86 |    59 ||   145
       Call Imp          |     4 |       ||     4
  Use: Scroll            |     4 |     8 ||    12
       Potion            |       |     4 ||     4
  Eat: Chunk             |     3 |     4 ||     7
Armor: Robe              |    10 |     6 ||    16
Dodge: Dodged            |    20 |    11 ||    31
